 Dungeon Crawl Stone Soup version 0.22.0-38-g04b72b8c25 (webtiles) character file.

35 IceCat the Ruffian (level 3, 0/28 HPs)
             Began as a Draconian Transmuter on Aug 28, 2018.
             Succumbed to an adder's poison
             ... on level 2 of the Dungeon.
             The game lasted 00:01:22 (651 turns).

IceCat the Ruffian (Draconian Transmuter)            Turns: 651, Time: 00:01:23

Health: 0/28       AC:  5    Str: 13    XL:     3   Next: 17%
Magic:  6/6        EV: 12    Int: 13    God:
Gold:   27         SH:  0    Dex: 11    Spells: 5/6 levels left

rFire    . . .     SeeInvis .     - Unarmed
rCold    . . .     Gourm    .   (no shield)
rNeg     . . .     Faith    .   (armour unavailable)
rPois    .         Spirit   .   (helmet restricted)
rElec    .         Reflect  .   (no cloak)
rCorr    .         Harm     .   (no gloves)
MR       .....                  (no boots)
Stlth    +.........             (no amulet)
HPRegen  0.09/turn              (no ring)
MPRegen  0.10/turn              (no ring)

@: lethally poisoned (0 -> -10), very slightly contaminated
A: unfitting armour, cold-blooded, AC +5
a: no special abilities


You were on level 2 of the Dungeon.
You were not hungry.

You visited 1 branch of the dungeon, and saw 2 of its levels.

You collected 27 gold pieces.

Inventory:

Missiles
 a - 12 arrows
Scrolls
 b - a scroll of teleportation {unknown}
 d - a scroll of enchant armour {unknown}
 g - a scroll of identify {unknown}
Potions
 e - 2 potions of resistance {unknown}
 h - a potion of agility {unknown}
 i - a potion of ambrosia {unknown}
 j - a potion of brilliance {unknown}
Comestibles
 c - 4 rations


   Skills:
 + Level 1.1 Fighting
 + Level 2.1 Dodging
 + Level 3.6 Unarmed Combat
 + Level 2.1 Spellcasting
 + Level 2.5 Transmutations


You had 5 spell levels left.
You knew the following spells:

 Your Spells              Type           Power        Failure   Level  Hunger
a - Beastly Appendage     Tmut           #.....       9%          1    ##.....

Your spell library contained the following spells:

 Spells                   Type           Power        Failure   Level  Hunger
 Sticks to Snakes         Tmut           #.......     13%         2    ###....
 Spider Form              Tmut/Pois      #.........   41%         3    ####...
 Ice Form                 Ice/Tmut       #.......     83%         4    #####..
 Blade Hands              Tmut           #.........   94%         5    ######.


Dungeon Overview and Level Annotations

Branches:
Dungeon (2/15)

Altars:


Innate Abilities, Weirdness & Mutations

Your plain brown scales are hard. (AC +5)
You cannot fit into any form of body armour.
You are cold-blooded and may be slowed by cold attacks.


Message History

You closely miss the adder.
Your tail-slap misses the adder.
You feel sick. The adder bites you but does no damage. The adder bites you.
* * * LOW HITPOINT WARNING * * *
You are more poisoned.
The adder poisons you!
You hit the adder.
The adder is lightly wounded.
* * * LOW HITPOINT WARNING * * *
You feel sick. The adder barely misses you.
You hit the adder.
The adder is moderately wounded.
The adder barely misses you.
You closely miss the adder.
The adder is moderately wounded.
* * * LOW HITPOINT WARNING * * *
You feel sick. The adder bites you.
* * * LOW HITPOINT WARNING * * *
You hit the adder.
The adder is severely wounded.
You die...

#...### #..... #...#
#...# #...# ##.#######
#.......# #####
#S#####.#
#...#####@#####.######
###............#.......#
#.....##.......#..####.#
#.######.##.#.<#..####.#
#.# #.##.........##.#
#.# #.##.#..#.##.##.#
#.# #.##.#.##.##.##.#
#.# #......##..[....#
#.# ##.....#####.####


You could see an adder.

Vanquished Creatures
  An adder (D:2)
  A dart slug (D:1)
  2 leopard geckos
  A giant cockroach (D:2)
  4 goblins (D:1)
  2 hobgoblins (D:1)
  5 bats
  A frilled lizard (D:1)
  4 kobolds (D:1)
  2 rats (D:1)
23 creatures vanquished.

Notes
Turn   | Place    | Note
-------+----------+-------------------------------------------
     0 | D:1      | IceCat the Draconian Transmuter began the quest for the Orb.
     0 | D:1      | Reached XP level 1. HP: 16/16 MP: 3/3
   125 | D:1      | Reached XP level 2. HP: 16/23 MP: 3/5
   642 | D:2      | Reached XP level 3. HP: 15/28 MP: 6/6
   650 | D:2      | HP: 1/28 [adder (3)]
   651 | D:2      | Succumbed to an adder's poison

Skill      XL: |  1 |
---------------+----+-----
Dodging        | 2 |  2.1
Fighting       | |  1.1
Unarmed Combat | |  3.6
Spellcasting   | |  2.1
Transmutations | |  2.5

Action                   || total
-------------------------++-------
Melee: Unarmed           ||    82
       Tailslap          ||     5
       Headbutt          ||     3
       Punch             ||     4
       Kick              ||     4
 Cast: Beastly Appendage ||     8
Armor: Skin              ||    30
Dodge: Dodged            ||    54
